 Dungeon Crawl Stone Soup version 0.21.1-1-g345015fe64 (webtiles) character file.

6731 Rasser the Thaumaturge (level 10, -11/50 HPs)
             Began as a Deep Elf Wizard on Mar 7, 2018.
             Was an Initiate of Vehumet.
             Mangled by an eight-headed hydra (14 damage)
             ... on level 10 of the Dungeon.
             The game lasted 00:56:07 (11471 turns).

Rasser the Thaumaturge (Deep Elf Wizard)           Turns: 11471, Time: 00:56:08

Health: -11/50     AC:  3    Str:  4    XL:     10   Next: 75%
Magic:  11/40      EV: 13    Int: 27    God:    Vehumet [......]
Gold:   456        SH:  0    Dex: 13    Spells: 0/27 levels left

rFire    . . .     SeeInvis .   y - staff of power
rCold    . . .     Gourm    .   (no shield)
rNeg     . . .     Faith    .   a - +0 robe
rPois    +         Spirit   .   b - +0 hat
rElec    .         Reflect  .   t - +0 cloak
rCorr    .         Harm     .   (no gloves)
MR       +....                  (no boots)
Stlth    ++........             (no amulet)
HPRegen  0.16/turn              e - ring of wizardry
MPRegen  0.27/turn              O - ring of poison resistance

@: no status effects
A: no striking features
a: Renounce Religion


You were on level 10 of the Dungeon.
You worshipped Vehumet.
Vehumet was noncommittal.
You were hungry.

You visited 2 branches of the dungeon, and saw 12 of its levels.

You collected 456 gold pieces.

Inventory:

Hand Weapons
 n - a +0 hunting sling
 p - a +3 dagger of draining
 G - a +2 war axe of electrocution
 N - a +0 halberd of chopping
 V - the +2 great sword "Geci" {slice, Int+5}
   (You found it on level 8 of the Dungeon)

   It inflicts extra damage upon your enemies.
   It affects your intelligence (+5).
Missiles
 I - 24 poisoned needles
 M - 4 needles of confusion
 P - a throwing net (quivered)
Armour
 a - a +0 robe (worn)
 b - a +0 hat (worn)
 t - a +0 cloak (worn)
 R - the +1 ring mail "Semutzodi" {rPois rC++ rCorr Dex-4}
   (You found it on level 8 of the Dungeon)

   It affects your dexterity (-4).
   It greatly protects you from cold.
   It protects you from poison.
   It protects you from acid and corrosion.
Magical Staves
 y - an uncursed staff of power (weapon)
Jewellery
 e - a ring of wizardry (left hand)
 D - an uncursed ring of stealth
 E - an uncursed ring of ice
 O - a ring of poison resistance (right hand)
 W - a +3 ring of protection {unknown}
Wands
 L - a wand of disintegration (6)
 S - a wand of paralysis (8)
 X - a wand of enslavement (13)
Scrolls
 g - 4 scrolls of magic mapping {unknown}
 h - a scroll of immolation {unknown}
 k - a scroll of noise {unknown}
 l - 5 scrolls of remove curse {unknown}
 o - 14 scrolls of identify {unknown}
 q - 2 scrolls of enchant armour {unknown}
 r - 5 scrolls of teleportation {unknown}
 v - a scroll of blinking {unknown}
 w - 2 scrolls of enchant weapon {unknown}
 J - a scroll of random uselessness {unknown}
 Q - a scroll of fog {unknown}
 U - 2 scrolls of amnesia {unknown}
Potions
 f - 2 potions of flight {unknown}
 i - 2 potions of berserk rage {unknown}
 j - 4 potions of degeneration {unknown}
 m - 3 potions of magic {unknown}
 s - 2 potions of heal wounds {unknown}
 u - 4 potions of resistance {unknown}
 x - 3 potions of might {unknown}
 z - a potion of brilliance {unknown}
 A - 2 potions of lignification {unknown}
 B - 6 potions of curing {unknown}
 H - a potion of cancellation {unknown}
Books
 c - a book of Minor Magic

   Spells                             Type                      Level
   a - Magic Dart                     Conjuration                  1
   b - Blink                          Translocation                2
   c - Call Imp                       Summoning                    2
   d - Slow                           Hexes                        2
   e - Conjure Flame                  Conjuration/Fire             3
   f - Mephitic Cloud                 Conjuration/Poison/Air       3
 C - a book of Flames

   Spells                             Type                      Level
   a - Flame Tongue                   Conjuration/Fire             1
   b - Throw Flame                    Conjuration/Fire             2
   c - Conjure Flame                  Conjuration/Fire             3
   d - Inner Flame                    Hexes/Fire                   3
   e - Sticky Flame                   Conjuration/Fire             4
   f - Fireball                       Conjuration/Fire             5
 F - a book of Misfortune

   Spells                             Type                      Level
   a - Confusing Touch                Hexes                        1
   b - Confuse                        Hexes                        3
   c - Gell's Gravitas                Translocation                3
   d - Petrify                        Transmutation/Earth          4
   e - Metabolic Englaciation         Hexes/Ice                    5
   f - Yara's Violent Unravelling     Hexes/Transmutation          5
 K - a book of Callings

   Spells                             Type                      Level
   a - Summon Small Mammal            Summoning                    1
   b - Call Imp                       Summoning                    2
   c - Call Canine Familiar           Summoning                    3
   d - Summon Guardian Golem          Hexes/Summoning              3
   e - Summon Lightning Spire         Summoning/Air                4
   f - Summon Ice Beast               Ice/Summoning                4
 T - a book of Power

   Spells                             Type                      Level
   a - Iskenderun's Battlesphere      Conjuration/Charms           5
   b - Venom Bolt                     Conjuration/Poison           5
   c - Bolt of Magma                  Conjuration/Fire/Earth       5
   d - Iron Shot                      Conjuration/Earth            6
   e - Orb of Destruction             Conjuration                  7
   f - Spellforged Servitor           Conjuration/Summoning        7
Comestibles
 d - 17 rations
 Y - 2 chunks of flesh


   Skills:
 - Level 2.4 Dodging
 - Level 2.4 Stealth
 + Level 9.2 Spellcasting
 * Level 8.9 Conjurations
 - Level 6.0 Hexes
 - Level 5.1 Summonings
 - Level 5.1 Translocations
 * Level 7.3 Fire Magic
 - Level 4.4 Air Magic
 * Level 6.2 Poison Magic


You couldn't memorise any spells.
You knew the following spells:

 Your Spells              Type           Power        Failure   Level  Hunger
a - Magic Dart            Conj           ####         1%          1    None
b - Blink                 Tloc           N/A          1%          2    None
c - Call Imp              Summ           #####...     1%          2    None
d - Fireball              Conj/Fire      ######....   1%          5    ####...
e - Conjure Flame         Conj/Fire      ######..     1%          3    None
f - Venom Bolt            Conj/Pois      ######....   2%          5    ####...
h - Mephitic Cloud        Conj/Pois/Air  #####...     1%          3    None
p - Sticky Flame          Conj/Fire      ######..     1%          4    None
r - Slow                  Hex            #####...     1%          2    None


Dungeon Overview and Level Annotations

Branches:
Dungeon (11/15)            Temple (1/1) D:7             Orc (0/2) D:9
   Lair: D:8-11

Altars:
Ashenzari
Cheibriados
Dithmenos
Elyvilon
Fedhas
Gozag
Hepliaklqana
Kikubaaqudgha
Makhleb
Nemelex Xobeh
Okawaru
Qazlal
Ru
Sif Muna
Trog
Uskayaw
Vehumet
Wu Jian
Xom
Yredelemnul
Zin
The Shining One


Message History

Evoke which item? (* to show all) (? for menu, Esc to quit)
Aiming: Enslavement
Press: ? - help, Shift-Dir - straight line, f - eight-headed hydra
Aim: an eight-headed hydra (chance to defeat MR: 15%)
The eight-headed hydra resists with almost no effort.
There's nothing to close nearby.
Unknown command.
Evoke which item? (* to show all) (? for menu, Esc to quit)
Aiming: Enslavement
Press: ? - help, Shift-Dir - straight line, f/p - eight-headed hydra
Aim: an eight-headed hydra (chance to defeat MR: 15%)
The eight-headed hydra resists with almost no effort.
The eight-headed hydra bites you!
* * * LOW HITPOINT WARNING * * *
The eight-headed hydra bites you.
* * * LOW HITPOINT WARNING * * *
The eight-headed hydra bites you.
* * * LOW HITPOINT WARNING * * *
The eight-headed hydra bites you!
You die...

################################
#...............................
#.#############################.
#.# ############ #. #.#
#..........####### #. #.#
#................. #. #.#
#..........####### #. #.#
#.........@D.....# #. #.#
#..........#####.# #. #.#
#..........# #.# #.
#.#######.#.##### #D# #.
#.#..D....#.# #.# #.
##)#W#######.##### #.# #######.
.[.....$.....W..># #.# #......)
##)#.#####.#.###.# #.# #.######
....?.# #.#.# #.# #.# #.#


You could see an eight-headed hydra.

Vanquished Creatures
  A two-headed ogre (D:8)
  The ghost of ErikD the Basher, a novice MiBe of Trog (D:8)
  An unseen horror (D:9)
  Pikel (D:8)
  Prince Ribbit (D:8)
  A hippogriff (D:8)
  A hungry ghost (D:11)
  Eustachio (D:6)
  3 ice beasts
  A black bear (D:6)
  A phantom (D:5)
  2 orc warriors
  11 ogres
  2 centaurs (D:8)
  A crocodile (D:7)
  A big kobold (D:8)
  4 bullfrogs
  A gnoll sergeant (D:8)
  7 scorpions
  4 howler monkeys
  A bullfrog zombie (D:8)
  A centaur zombie (D:6)
  4 hounds
  A quasit (D:7)
  A jelly (D:5)
  5 orc priests
  8 orc wizards
  3 iguanas
  9 worker ants
  A hound zombie (D:10)
  A hound skeleton (D:9)
  2 worker ant zombies
  12 gnolls
  15 adders
  2 shadow imps
  An ooze (D:3)
  An adder zombie (D:8)
  4 worms
  4 dart slugs
  5 leopard geckos
  36 orcs
  3 ball pythons
  15 bats
  6 giant cockroaches
  8 goblins
  5 hobgoblins
  3 jackals (D:1)
  13 kobolds
  3 quokkas
  7 frilled lizards
  A leopard gecko zombie (D:6)
  2 quokka skeletons
  7 rats
236 creatures vanquished.

Vanquished Creatures (collateral kills)
  A hungry ghost (D:10)
  A bullfrog (D:6)
  A hound (D:6)
  A jelly (D:10)
  3 orcs (D:6)
  A bat (D:7)
  A frilled lizard (D:4)
9 creatures vanquished.

Vanquished Creatures (others)
  A slave (D:8)
  A bullfrog (D:8)
  2 adders (D:8)
  13 fungi (D:7)
17 creatures vanquished.

Grand Total: 262 creatures vanquished

Notes
Turn   | Place    | Note
-------+----------+-------------------------------------------
     0 | D:1      | Rasser the Deep Elf Wizard began the quest for the Orb.
     0 | D:1      | Reached XP level 1. HP: 10/10 MP: 7/7
   107 | D:1      | Reached skill level 5 in Spellcasting
   116 | D:1      | Reached XP level 2. HP: 9/15 MP: 2/10
   734 | D:1      | Reached XP level 3. HP: 19/19 MP: 4/11
  1103 | D:1      | Learned a level 2 spell: Blink
  1106 | D:1      | Learned a level 2 spell: Call Imp
  1110 | D:1      | Learned a level 3 spell: Conjure Flame
  1114 | D:1      | Learned a level 3 spell: Mephitic Cloud
  1117 | D:1      | Learned a level 2 spell: Slow
  1757 | D:2      | Reached XP level 4. HP: 24/24 MP: 8/13
  3042 | D:3      | Reached skill level 1 in Hexes
  3109 | D:3      | Found an ancient bone altar of Kikubaaqudgha.
  3120 | D:3      | Found a glowing silver altar of Zin.
  3124 | D:3      | Found a blossoming altar of Fedhas.
  3186 | D:4      | Noticed an ogre
  3201 | D:4      | Killed an ogre
  3201 | D:4      | Reached skill level 1 in Fire Magic
  3201 | D:4      | Reached skill level 1 in Air Magic
  3201 | D:4      | Reached skill level 1 in Poison Magic
  3201 | D:4      | Reached XP level 5. HP: 27/28 MP: 9/15
  3491 | D:4      | Reached skill level 6 in Spellcasting
  3570 | D:4      | Noticed an ogre
  3579 | D:4      | Killed an ogre
  3579 | D:4      | Reached XP level 6. HP: 32/32 MP: 17/17
  3653 | D:4      | Reached XP level 7. HP: 36/36 MP: 2/18
  4151 | D:5      | Entered Level 5 of the Dungeon
  4530 | D:5      | Found an opulent altar of Gozag.
  4560 | D:5      | Reached XP level 8. HP: 32/41 MP: 10/20
  4679 | D:5      | Found an opulent altar of Gozag.
  4723 | D:5      | Reached skill level 5 in Conjurations
  4861 | D:6      | Reached skill level 7 in Spellcasting
  5324 | D:6      | Noticed Eustachio
  5377 | D:6      | Killed Eustachio
  5749 | D:6      | Reached XP level 9. HP: 45/45 MP: 22/22
  5927 | D:7      | Found a shimmering altar of Xom.
  6064 | D:7      | Reached skill level 5 in Hexes
  6288 | D:7      | Learned a level 4 spell: Sticky Flame
  6305 | D:7      | Found a staircase to the Ecumenical Temple.
  6461 | Temple   | Entered the Ecumenical Temple
  7441 | D:7      | Reached skill level 8 in Spellcasting
  8402 | D:8      | Noticed a two-headed ogre
  8408 | D:8      | Killed a two-headed ogre
  8408 | D:8      | Reached skill level 5 in Translocations
  8408 | D:8      | Reached skill level 5 in Fire Magic
  8580 | D:8      | Noticed ErikD's ghost (novice MiBe)
  8594 | D:8      | Killed ErikD's ghost
  8594 | D:8      | Reached skill level 5 in Summonings
  8594 | D:8      | Reached XP level 10. HP: 11/50 MP: 22/24
  8690 | D:8      | HP: 1/50 [centaur/arrow (7)]
  8702 | D:8      | Got a transparent ring mail
  8784 | D:7      | Identified the +1 ring mail "Semutzodi" {rPois rC++ rCorr Dex-4} (You found it on level 8 of the Dungeon)
  9206 | D:8      | Learned a level 5 spell: Venom Bolt
  9240 | D:8      | Noticed Pikel
  9260 | D:8      | Killed Pikel
  9260 | D:8      | Reached skill level 5 in Poison Magic
  9465 | D:8      | Noticed Prince Ribbit
  9471 | D:8      | Killed Prince Ribbit
  9740 | D:8      | Found a basalt altar of Yredelemnul.
  9755 | D:8      | Reached skill level 9 in Spellcasting
  9769 | D:8      | Learned a level 5 spell: Fireball
  9777 | D:8      | Found a shadowy altar of Dithmenos.
  9777 | D:8      | Found a white marble altar of Elyvilon.
  9777 | D:8      | Found an ornate altar of the Wu Jian Council.
  9787 | D:8      | Found a radiant altar of Vehumet.
  9792 | D:8      | Found a bloodstained altar of Trog.
  9796 | D:8      | Became a worshipper of Vehumet
  9864 | D:8      | Got a slimy great sword
  9865 | D:8      | Identified the +2 great sword "Geci" {slice, Int+5} (You found it on level 8 of the Dungeon)
 10054 | D:9      | Found a staircase to the Orcish Mines.
 10780 | D:9      | Noticed an unseen horror
 10781 | D:9      | Killed an unseen horror
 11159 | D:10     | Entered Level 10 of the Dungeon
 11244 | D:10     | Noticed an eight-headed hydra
 11471 | D:10     | Mangled by an eight-headed hydra

Skill      XL: |  1  2  3  4  5  6  7  8  9 10 |
---------------+-------------------------------+-----
Spellcasting   | 5 6 7 8 9 |  9.2
Conjurations   | 2 3 4 6 7 8 |  8.9
Hexes          | 1 2 3 4 6 |  6.0
Fire Magic     | 1 2 3 5 7 |  7.3
Air Magic      | 1 2 3 4 |  4.4
Poison Magic   | 1 2 3 4 6 |  6.2
Translocations | 2 3 4 5 |  5.1
Summonings     | 2 3 4 5 |  5.1
Dodging        | |  2.4
Stealth        | |  2.4

Action                   |  1- 3 |  4- 6 |  7- 9 | 10-12 || total
-------------------------+-------+-------+-------+-------++-------
Melee: Unarmed           |     7 |       |       |       ||     7
       Staff             |       |     4 |       |     5 ||     9
 Cast: Magic Dart        |   105 |   141 |   398 |    89 ||   733
       Conjure Flame     |       |     9 |    24 |    14 ||    47
       Mephitic Cloud    |       |     6 |    38 |    18 ||    62
       Slow              |       |     3 |     1 |       ||     4
       Blink             |       |       |    16 |    17 ||    33
       Call Imp          |       |       |     6 |     1 ||     7
       Sticky Flame      |       |       |     2 |     3 ||     5
       Venom Bolt        |       |       |       |    19 ||    19
       Fireball          |       |       |       |     2 ||     2
Evoke: Wand              |       |       |       |    12 ||    12
 Stab: Confused          |       |     2 |       |       ||     2
  Eat: Chunk             |     2 |     6 |    12 |     9 ||    29
       Ration            |       |       |     1 |     1 ||     2
Armor: Robe              |    37 |       |    11 |     7 ||    55
Dodge: Dodged            |    88 |    11 |    54 |    31 ||   184
